 Dungeon Crawl Stone Soup version 0.18.1-48-g4cf74bf (webtiles) character file.

932 Jerry the Slinger (level 8, -1/49 HPs)
             Began as a Halfling Hunter on Aug 3, 2016.
             Slain by a slave (5 damage)
             ... led by Pikel
             ... on level 5 of the Dungeon.
             The game lasted 00:16:18 (4735 turns).

Jerry the Slinger (Halfling Hunter)                 Turns: 4735, Time: 00:16:19

Health: -1/49      AC:  4    Str: 12    XL:     8   Next: 33%
Magic:  8/8        EV: 14    Int: 11    God:
Gold:   233        SH:  0    Dex: 16    Spells: 0 memorised, 7 levels left

rFire  + . .     SeeInvis .     a - +1 hunting sling
rCold  . . .     Gourm    .     c - +0 leather armour
rNeg   . . .     Faith    .     (shield restricted)
rPois  +         Spirit   .     (no helmet)
rElec  .         Dismiss  .     t - +0 cloak {rPois}
rCorr  .         Reflect  .     (no gloves)
SustAt .         Harm     .     (no boots)
MR     .....                    (no amulet)
Stlth  +++.......               (no ring)
                                l - ring of protection from fire

@: not resistant to hostile enchantments, fairly stealthy
A: mutation resistance 1
a: no special abilities


You were on level 5 of the Dungeon.
You were hungry.

You visited 1 branch of the dungeon, and saw 5 of its levels.

You collected 233 gold pieces.

Inventory:

Hand Weapons
 a - a +1 hunting sling (weapon)
 b - a +0 short sword
 v - a +0 vampiric dagger
 E - a +0 whip of flaming
Missiles
 d - 7 sling bullets (quivered)
 g - 180 stones
Armour
 c - a +0 leather armour (worn)
 n - a +2 shield
 t - a +0 cloak of poison resistance (worn)
Jewellery
 l - a ring of protection from fire (left hand)
 B - a +3 amulet of reflection {unknown}
Scrolls
 i - 5 scrolls of remove curse {unknown}
 k - a scroll of fog {unknown}
 m - 4 scrolls of identify {unknown}
 o - 2 scrolls of noise {unknown}
 u - 2 scrolls of teleportation {unknown}
 y - a scroll of enchant armour {unknown}
 C - a scroll of fear {unknown}
 D - 2 scrolls of amnesia {unknown}
 G - a scroll of recharging {unknown}
Potions
 e - a potion of flight
 j - 2 potions of might {unknown}
 q - a potion of mutation {unknown}
 r - a potion of curing {unknown}
 s - a potion of brilliance {unknown}
 w - a potion of invisibility {unknown}
 z - a potion of agility {unknown}
 A - a potion of cure mutation {unknown}
Comestibles
 f - 4 bread rations
 h - a beef jerky
 p - a meat ration
 x - a slice of pizza
 F - 3 fruits


   Skills:
 - Level 1.7 Fighting
 + Level 12.6 Slings
 - Level 2.1 Dodging
 - Level 4.3 Stealth


You had 7 spell levels left.
You didn't know any spells.

Dungeon Overview and Level Annotations

Branches:
Dungeon (5/15)
 Temple: D:4-7

Altars:
Ashenzari
Cheibriados
Dithmenos
Fedhas
Makhleb
Nemelex Xobeh
Pakellas
Vehumet
Yredelemnul

Annotations:
D:5 Pikel


Innate Abilities, Weirdness & Mutations

You are small and have problems with some larger weapons.
You are somewhat resistant to further mutation.


Message History

Pikel zaps a wand.
You are blasted!
It is a wand of disintegration.
Firing (i - inventory. (,) - cycle):
d - 9 sling bullets (quivered)
Press: ? - help, Shift-Dir - straight line, f/p - Pikel
Aim: Pikel, wielding a whip of electrocution, wearing a glowing robe and carrying a wand of disintegration {zapped: 1} (almost dead)
You shoot a sling bullet.
The sling bullet hits Pikel but does no damage.
Pikel is almost dead.
The slave closely misses you.
Pikel zaps a wand.
You are blasted!
* * * LOW HITPOINT WARNING * * *
You are too injured to fight recklessly!
You are too injured to fight recklessly!
You are too injured to fight recklessly!
Firing (i - inventory. (,) - cycle):
d - 8 sling bullets (quivered)
Press: ? - help, Shift-Dir - straight line, f/p - Pikel
Aim: Pikel, wielding a whip of electrocution, wearing a glowing robe and carrying a wand of disintegration {zapped: 2} (almost dead)
You shoot a sling bullet.
The sling bullet hits Pikel but does no damage.
Pikel is almost dead.
The slave hits you.
You die...

#...... #.##........ #........
#......##.##........###........
#..........#...................
#.............#########.......)
######.........># ##........
#..........# #.........
#..........# ##........
#...>......#######.###.#..
#........@K##.p....###.#..
##)######.p((........#.#.. #)#
#..............#..
#########.###
#....p((.....###..
............#
#.......(....#####
............#
#.$...............
............#
#..............#..
............#
###########....#.#
.......<....# #....#..


You could see Pikel and 2 slaves.

Vanquished Creatures
  Edmund (D:5)
  2 slaves (D:4)
  3 ogres
  A scorpion (D:4)
  A howler monkey (D:4)
  A giant frog zombie (D:5)
  2 hounds
  A centaur skeleton (D:4)
  Crazy Yiuf (D:2)
  An iguana (D:5)
  Ijyb (D:2)
  A worker ant (D:5)
  A howler monkey zombie (D:4)
  Robin (D:2)
  4 gnolls (D:3)
  9 adders (D:2)
  A shadow imp (D:5)
  An ooze (D:2)
  2 worms (D:3)
  4 giant geckos
  3 orcs (D:4)
  10 bats
  4 giant cockroaches
  9 hobgoblins
  4 jackals
  A quokka (D:2)
  A giant gecko skeleton (D:4)
  2 giant newts
  23 goblins
  5 kobolds
  12 rats
113 creatures vanquished.

Vanquished Creatures (others)
  A bat (D:1)
1 creature vanquished.

Grand Total: 114 creatures vanquished

Notes
Turn   | Place    | Note
--------------------------------------------------------------
     0 | D:1      | Jerry the Halfling Hunter began the quest for the Orb.
     0 | D:1      | Reached XP level 1. HP: 14/14 MP: 1/1
   174 | D:1      | Reached skill level 6 in Slings
   174 | D:1      | Reached XP level 2. HP: 19/19 MP: 2/2
   544 | D:1      | Reached XP level 3. HP: 24/24 MP: 3/3
  1154 | D:2      | Found a blossoming altar of Fedhas.
  1327 | D:2      | Reached XP level 4. HP: 24/29 MP: 4/4
  1353 | D:2      | Found an oddly glowing altar of Pakellas.
  1353 | D:2      | Found a snail-covered altar of Cheibriados.
  1354 | D:2      | Found a shattered altar of Ashenzari.
  1359 | D:2      | Reached skill level 7 in Slings
  1905 | D:2      | Noticed Ijyb
  1931 | D:2      | Killed Ijyb
  1931 | D:2      | Reached XP level 5. HP: 28/34 MP: 5/5
  2259 | D:2      | Reached skill level 8 in Slings
  2269 | D:2      | Found a shadowy altar of Dithmenos.
  2372 | D:2      | Noticed Robin
  2378 | D:2      | Killed Robin
  2443 | D:2      | Noticed Crazy Yiuf
  2452 | D:2      | Killed Crazy Yiuf
  2452 | D:2      | Reached XP level 6. HP: 26/39 MP: 6/6
  2701 | D:2      | Found a burning altar of Makhleb.
  2704 | D:2      | Found a radiant altar of Vehumet.
  2774 | D:3      | Found a sparkling altar of Nemelex Xobeh.
  2858 | D:3      | Reached skill level 9 in Slings
  3492 | D:4      | Reached XP level 7. HP: 44/44 MP: 7/7
  3500 | D:4      | Reached skill level 10 in Slings
  3599 | D:4      | Found a basalt altar of Yredelemnul.
  3729 | D:4      | Reached skill level 11 in Slings
  3872 | D:5      | Entered Level 5 of the Dungeon
  4059 | D:5      | Reached XP level 8. HP: 49/49 MP: 8/8
  4236 | D:5      | Noticed Pikel
  4422 | D:5      | Noticed Edmund
  4464 | D:5      | Killed Edmund
  4464 | D:5      | Reached skill level 12 in Slings
  4735 | D:5      | Slain by a slave

Skill      XL: |  1  2  3  4  5  6  7  8 |
---------------+-------------------------+-----
Slings         | 6 7 8 9 11 12 | 12.6
Stealth        | 2 3 4 |  4.3
Fighting       | |  1.7
Dodging        | |  2.1

Action                   |  1- 3 |  4- 6 |  7- 9 || total
-------------------------+-------+-------+-------++-------
 Fire: Hunting sling     |    82 |   227 |   164 ||   473
  Use: Potion            |     2 |       |       ||     2
  Eat: Chunk             |       |     7 |     3 ||    10
Armor: Leather armour    |     3 |     2 |       ||     5
Dodge: Dodged            |    11 |    37 |    32 ||    80
